 Dungeon Crawl Stone Soup version 0.24-a0-699-g5a66b1aa3b (webtiles) character file.

Game seed: 9621434579901952659, levelgen mode: deterministic

162614 Froggeryz the Executioner (level 17, -15/151 HPs)
             Began as a Minotaur Fighter on Sept 29, 2019.
             Was the Champion of Okawaru.
             Demolished by Watwic's ghost (29 damage)
             ... on level 3 of the Swamp.
             The game lasted 01:03:44 (27872 turns).

Froggeryz the Executioner (Minotaur Fighter)       Turns: 27872, Time: 01:03:45

Health: -15/151    AC: 31    Str: 29    XL:     17   Next: 22%
Magic:  0/31       EV:  9    Int:  5    God:    Okawaru [******]
Gold:   1130       SH:  0    Dex: 21    Spells: 16/16 levels left

rFire    + . .     SeeInvis .   J - +2 battleaxe (vamp)
rCold    . . .     Gourm    .   (shield currently unavailable)
rNeg     + . .     Faith    .   P - +10 shadow dragon scales "Mamen" {Dex+7 Stlth++++}
rPois    +         Spirit   +   S - +0 hat {MR+}
rElec    .         Reflect  .   v - +1 cloak
rCorr    .         Harm     .   L - +2 pair of gloves
MR       +++..                  E - +0 pair of boots of Dishonour {rPois rN+}
Stlth    ++++++....             m - amulet of guardian spirit
HPRegen  0.35/turn              t - ring of protection from magic
MPRegen  0.22/turn              I - ring of magical power

@: mighty
A: retaliatory headbutt, horns 2, talons 1, fire resistance 1
a: Heroism, Finesse, Renounce Religion


You were on level 3 of the Swamp.
You worshipped Okawaru.
Okawaru was exalted by your worship.
You were not hungry.

You visited 5 branches of the dungeon, and saw 27 of its levels.
You also visited: Ice Cave.

You collected 3974 gold pieces.
You spent 2844 gold pieces at shops.

Inventory:

Hand Weapons
 A - a +0 battleaxe of flaming
 J - a +2 vampiric battleaxe (weapon)
 N - a +1 executioner's axe of electrocution
 T - a +2 battleaxe of freezing
Missiles
 Q - 2 throwing nets (quivered)
Armour
 v - a +1 cloak (worn)
 E - the +0 pair of boots of Dishonour (worn) {rPois rN+}
   (Okawaru gifted it to you on level 10 of the Dungeon)

   It protects you from poison.
   It protects you from negative energy.
 L - a +2 pair of gloves (worn)
 P - the +10 shadow dragon scales "Mamen" (worn) {Dex+7 Stlth++++}
   (Okawaru gifted it to you on level 13 of the Dungeon)

   It affects your dexterity (+7).
   It makes you much more stealthy.
 S - a +0 hat of magic resistance (worn)
Jewellery
 g - an uncursed ring of resist corrosion
 m - an amulet of guardian spirit (around neck)
 t - a ring of protection from magic (left hand)
 u - an uncursed ring of positive energy
 F - an uncursed ring of fire
 I - a ring of magical power (right hand)
 R - the amulet "Jiclaut" {rF- MR++ Regen+ Str+3}
   (You found it on level 13 of the Dungeon)

   [amulet of regeneration]

   It affects your strength (+3).
   It makes you vulnerable to fire.
   It affects your resistance to hostile enchantments.
   It increases your rate of regeneration.
 Y - an uncursed ring of protection from cold
Wands
 a - a wand of polymorph (13)
 i - a wand of paralysis (6)
 z - a wand of iceblast (1)
 C - a wand of disintegration (26)
 D - a wand of random effects (32)
 H - a wand of digging (17)
 V - a wand of acid (17)
 W - a wand of flame (17)
Scrolls
 c - 2 scrolls of identify
 h - 3 scrolls of blinking
 j - 4 scrolls of magic mapping
 k - 6 scrolls of enchant armour
 q - 2 scrolls of enchant weapon
 s - 12 scrolls of remove curse
 y - 4 scrolls of acquirement
 B - 11 scrolls of teleportation
 K - 2 scrolls of fog
 U - 2 scrolls of silence
Potions
 b - 3 potions of agility
 d - 2 potions of might
 e - 2 potions of resistance
 l - 2 potions of invisibility
 n - 7 potions of curing
 o - 2 potions of cancellation
 p - 9 potions of flight
 r - 6 potions of haste
 w - 2 potions of mutation
 G - 5 potions of lignification
 M - a potion of berserk rage
 X - a potion of ambrosia
Miscellaneous
 x - 2 phantom mirrors
 Z - a fan of gales
Comestibles
 f - 59 rations


   Skills:
 * Level 13.9 Fighting
 + Level 24.1 Axes
 - Level 10.0 Armour
 + Level 11.3 Stealth
   Level 3.6 Shields
 - Level 9.3 Invocations
 - Level 8.0 Evocations


You had 16 spell levels left.
You didn't know any spells.
Your spell library contained the following spells:

 Spells                   Type           Power        Failure   Level  Hunger
 Animate Skeleton         Necr           N/A          91%         1    ##.....
 Apportation              Tloc           #.....       91%         1    ##.....
 Corona                   Hex            #......      91%         1    ##.....
 Freeze                   Ice            #...         91%         1    ##.....
 Magic Dart               Conj           #...         91%         1    ##.....
 Pain                     Necr           #...         91%         1    ##.....
 Sandblast                Erth           #.....       91%         1    ##.....
 Blink                    Tloc           N/A          97%         2    ###....
 Call Imp                 Summ           #.......     97%         2    ###....
 Ensorcelled Hibernation  Hex/Ice        #.....       97%         2    ###....
 Passwall                 Tmut/Erth      #.......     97%         2    ###....
 Shroud of Golubria       Chrm/Tloc      #.....       97%         2    ###....
 Slow                     Hex            #.......     97%         2    ###....
 Throw Frost              Conj/Ice       #.....       97%         2    ###....
 Confuse                  Hex            #.......     100%        3    ####...
 Conjure Flame            Conj/Fire      #.......     100%        3    ####...
 Dazzling Spray           Conj/Hex       #.....       100%        3    ####...
 Gell's Gravitas          Tloc           #.........   100%        3    ####...
 Inner Flame              Hex/Fire       #.......     100%        3    ####...
 Mephitic Cloud           Conj/Pois/Air  #.......     100%        3    ####...
 Ozocubu's Armour         Chrm/Ice       #.......     100%        3    ####...
 Portal Projectile        Hex/Tloc       #.....       100%        3    ####...
 Stone Arrow              Conj/Erth      #.....       100%        3    ####...
 Teleport Other           Tloc           #.......     100%        3    ####...
 Tukima's Dance           Hex            #.......     100%        3    ####...
 Cause Fear               Hex            #.........   100%        4    #####..
 Ice Form                 Ice/Tmut       #.......     100%        4    #####..
 Leda's Liquefaction      Hex/Erth       #.........   100%        4    #####..
 Petrify                  Tmut/Erth      #.......     100%        4    #####..
 Summon Ice Beast         Ice/Summ       #.......     100%        4    #####..
 Throw Icicle             Conj/Ice       #.......     100%        4    #####..
 Excruciating Wounds      Chrm/Necr      #.........   100%        5    ######.
 Lee's Rapid Deconstruct  Erth           #.........   100%        5    ######.
 Metabolic Englaciation   Hex/Ice        #.........   100%        5    ######.
 Silence                  Hex/Air        #.........   100%        5    ######.
 Yara's Violent Unravell  Hex/Tmut       #.........   100%        5    ######.
 Bolt of Cold             Conj/Ice       #.........   100%        6    #######
 Death Channel            Necr           #.........   100%        6    #######
 Deflect Missiles         Chrm/Air       #.........   100%        6    #######
 Freezing Cloud           Conj/Ice/Air   #.........   100%        6    #######
 Ozocubu's Refrigeration  Ice            #.........   100%        6    #######
 Simulacrum               Ice/Necr       #.........   100%        6    #######
 Ring of Flames           Chrm/Fire      #.........   100%        7    #######
 Discord                  Hex            #.........   100%        8    #######


Dungeon Overview and Level Annotations

Branches:
Dungeon (15/15)            Temple (1/1) D:7            Lair (6/6) D:9
  Swamp (3/4) Lair:2       Spider (0/4) Lair:2        Slime (0/5) Lair:6
    Orc (2/2) D:12            Elf (0/3) Orc:2        Vaults (0/5) D:13
 Depths (0/5) D:15          IceCv (visited)

Altars:
Ashenzari
Cheibriados
Gozag
Hepliaklqana
Kikubaaqudgha
Makhleb
Okawaru
Ru
Trog
Uskayaw
Xom
Yredelemnul
Zin
Jiyva

Shops:
D:5 :   D:7 *   D:11 }   Orc:1 =   Orc:2 (:!*

Portals:
Pandemonium: Orc:2

Annotations:
D:15 2 transporters, Foonlieted's ghost, amateur MiGl
Swamp:3 Watwic's ghost, journeyman TrMo


Innate Abilities, Weirdness & Mutations

You reflexively headbutt those who attack you in melee.
You have a pair of horns on your head.
You have sharp toenails.
Your flesh is heat resistant. (rF+)


Message History

* * * LOW HITPOINT WARNING * * *
You slash Watwic's ghost! You headbutt Watwic's ghost!
Watwic's ghost is severely damaged.
You closely miss Watwic's ghost. Your headbutt misses Watwic's ghost.
Watwic's ghost is severely damaged.
Watwic's ghost hits you!
* * * LOW HITPOINT WARNING * * *
You barely miss Watwic's ghost. Your headbutt misses Watwic's ghost.
Watwic's ghost is severely damaged.
Watwic's ghost hits you but does no damage.
You barely miss Watwic's ghost. Your headbutt misses Watwic's ghost.
Watwic's ghost is severely damaged.
Watwic's ghost hits you!!
* * * LOW HITPOINT WARNING * * *
You barely miss Watwic's ghost.
Watwic's ghost is severely damaged.
You hit Watwic's ghost.
Watwic's ghost is almost destroyed.
Watwic's ghost hits you!!
You die...

♣♣♣..§≈≈.≈≈.♣ ♣♣≈≈.
♣♣.≈..≈♣†.§.≈♣ ♣♣.♣
♣..≈.≈....≈.≈♣♣ ♣♣♣
♣♣♣♣♣♣...≈...≈≈§.♣ ♣≈
♣≈......≈≈..≈≈≈≈.♣♣♣♣ ♣♣
♣.≈≈....≈≈≈≈....≈..≈♣ ♣.
♣≈≈≈≈...≈.≈......≈≈≈♣ ♣♣
♣.≈≈...≈.....♣♣.≈≈≈.♣ ♣♣
♣♣≈§♣♣..@.....♣♣♣..≈♣♣♣♣.
♣♣..§####W''### ♣♣♣♣§≈♣.≈
♣.≈≈≈#........P# ♣≈≈≈.≈≈
♣...♣#⌠.......⌠# ♣.≈≈.≈≈
♣♣♣♣♣#P.......P# ♣♣♣.≈.♣
#........(# ♣.≈≈÷
##8.....8## ♣..§.
♣♣♣##![8..##♣♣ ♣♣♣.≈.
♣♣≈..#######≈.♣..≈.≈♣♣)


You could see Watwic's ghost.

Vanquished Creatures
  Rupert (Lair:5)
  The ghost of Joalyutz the Shatterer, an adept MiFi of Okawaru (Swamp:3)
  Frances (D:12)
  The ghost of tmwh the Thaumaturge, an adept GnSk of Sif Muna (Swamp:3)
  A thorn hunter (Swamp:2)
  A frost giant (IceCv)
  Erolcha (Orc:1)
  3 vault guards (D:13)
  16 hydras
  A shambling mangrove (Swamp:1)
  Harold (D:10)
  A ghost crab (Swamp:3)
  15 two-headed ogres
  5 centaur warriors
  A death knight (D:11)
  2 death yaks
  10 alligators
  2 tengu warriors
  Urug (Lair:3)
  A shock serpent (shapeshifter) (D:14)
  7 orc high priests (Orc:2)
  2 sixfirhies (Orc:2)
  A skeletal warrior (D:11)
  A death drake (shapeshifter) (D:15)
  A glowing orange brain (D:15)
  2 infernal demonspawn (Orc:2)
  A gelid demonspawn (Orc:2)
  3 swamp dragons
  5 spriggan druids
  A wizard (D:13)
  4 unseen horrors
  3 deep elf magi
  A lindwurm (shapeshifter) (D:15)
  10 ugly things
  9 orc knights
  4 orc sorcerers (Orc:2)
  4 oklob plants (Lair:6)
  3 manticores (D:11)
  4 cyclopes
  Joseph (D:8)
  A guardian serpent (shapeshifter) (D:13)
  18 elephants
  4 black mambas
  An orange demon (Orc:2)
  2 centaur zombies
  An ice statue (IceCv)
  4 kobold demonologists
  A rime drake (shapeshifter) (D:13)
  5 komodo dragons
  15 spiny frogs
  A freezing wraith (D:11)
  2 ice devils (Orc:2)
  A yaktaur (D:13)
  A hellwing (Orc:2)
  A queen bee (shapeshifter) (D:15)
  A rime drake (Lair:5)
  A red devil (Orc:2)
  A harpy zombie (D:15)
  4 tengu conjurers
  6 trolls
  24 polar bears
  23 slime creatures
  13 hornets
  8 tyrant leeches
  4 blink frogs (Lair:6)
  8 bog bodies
  A blink frog (shapeshifter) (D:15)
  A meliai zombie (D:12)
  8 hippogriffs
  16 dream sheep
  Sigmund (D:4)
  22 spriggans
  2 vampires (D:11)
  4 wyverns
  67 yaks
  2 shadows (D:11)
  3 wraiths
  3 hungry ghosts
  A human (D:13)
  A basilisk (D:9)
  Edmund (D:5)
  15 vampire mosquitoes
  3 wargs
  A soldier ant (D:13)
  A two-headed ogre zombie (Orc:1)
  An acid dragon (D:11)
  7 swamp worms
  12 insubstantial wisps
  14 water moccasins
  Duvessa (D:4)
  9 porcupines
  5 ice beasts
  7 swamp drakes
  33 orc warriors
  4 sky beasts
  3 black bears
  A necrophage (D:10)
  A phantom (D:4)
  29 ogres
  An eye of draining (D:8)
  5 boggarts
  54 wolves
  13 centaurs
  9 crocodiles
  17 bullfrogs
  3 big kobolds
  2 gnoll sergeants
  Dowan (D:4)
  2 wyvern skeletons
  6 scorpions
  17 killer bees
  An electric eel (Lair:2)
  6 howler monkeys
  5 crimson imps
  2 quasits
  4 hounds
  3 jellies
  25 orc priests
  3 bullfrog skeletons
  6 centaur skeletons
  Jessica (D:3)
  4 iguanas
  22 orc wizards
  2 hell rats (Lair:4)
  11 worker ants
  3 hound zombies
  A hound skeleton (D:11)
  3 worker ant zombies
  12 gnolls
  14 adders
  9 river rats (Lair:4)
  8 shadow imps
  3 adder zombies
  An ooze (D:2)
  3 adder skeletons
  4 worms
  2 dart slugs (D:3)
  4 leopard geckos
  76 orcs
  6 giant cockroaches
  7 goblins
  7 hobgoblins
  16 jackals
  10 kobolds
  5 quokkas
  3 ball pythons
  9 bats
  5 frilled lizards
  12 rats
  3 fungi (Lair:6)
  8 plants
1023 creatures vanquished.

Vanquished Creatures (others)
  A swamp drake (Swamp:2)
  A bullfrog (D:9)
  A worker ant (D:5)
  A worm (D:5)
  A leopard gecko (D:5)
  10 fungi
  6 plants
  A withered plant (Swamp:3)
22 creatures vanquished.

Grand Total: 1045 creatures vanquished

Notes
Turn   | Place    | Note
-------+----------+-------------------------------------------
     0 | D:1      | Froggeryz the Minotaur Fighter began the quest for the Orb.
     0 | D:1      | Reached XP level 1. HP: 19/19 MP: 0/0
    88 | D:1      | Reached skill level 3 in Axes
   191 | D:1      | Reached XP level 2. HP: 22/26 MP: 1/1
   818 | D:2      | Reached skill level 4 in Axes
   889 | D:2      | Reached XP level 3. HP: 27/31 MP: 2/2
   932 | D:2      | Found a hide-covered altar of Uskayaw.
  1119 | D:2      | Reached skill level 5 in Axes
  1420 | D:3      | Reached XP level 4. HP: 25/39 MP: 3/3
  1425 | D:3      | Reached skill level 6 in Axes
  1652 | D:3      | Noticed Jessica
  1662 | D:3      | Killed Jessica
  1662 | D:3      | Reached XP level 5. HP: 41/45 MP: 4/4
  2190 | D:4      | Reached skill level 7 in Axes
  2458 | D:4      | Found a snail-covered altar of Cheibriados.
  2520 | D:4      | Noticed a phantom
  2537 | D:4      | Killed a phantom
  2537 | D:4      | Reached skill level 8 in Axes
  2537 | D:4      | Reached XP level 6. HP: 31/51 MP: 5/5
  2611 | D:4      | Noticed Sigmund
  2612 | D:4      | Noticed Duvessa
  2612 | D:4      | Noticed Dowan
  2619 | D:4      | Killed Duvessa
  2621 | D:4      | Killed Sigmund
  2621 | D:4      | Reached skill level 9 in Axes
  2621 | D:4      | Reached XP level 7. HP: 18/57 MP: 6/6
  2622 | D:4      | Killed Dowan
  2623 | D:4      | Reached skill level 10 in Axes
  3449 | D:5      | Entered Level 5 of the Dungeon
  3899 | D:5      | Found Von Immo's Book Shop.
  3922 | D:5      | Noticed Edmund
  3941 | D:5      | Killed Edmund
  3941 | D:5      | Reached skill level 11 in Axes
  3941 | D:5      | Reached XP level 8. HP: 41/67 MP: 7/7
  4168 | D:5      | Found a shattered altar of Ashenzari.
  4353 | D:6      | Reached skill level 5 in Fighting
  4674 | D:6      | Reached skill level 12 in Axes
  5417 | D:7      | Found Dadyaj's General Store.
  5440 | D:7      | Bought a wand of digging (5) for 270 gold pieces
  5507 | D:7      | Found a staircase to the Ecumenical Temple.
  5536 | Temple   | Entered the Ecumenical Temple
  5561 | Temple   | Became a worshipper of Warmaster Okawaru
  5592 | D:7      | Found a shimmering altar of Xom.
  5638 | D:7      | Reached XP level 9. HP: 47/78 MP: 4/8
  6003 | D:8      | Reached skill level 13 in Axes
  6086 | D:8      | Reached * piety under Okawaru
  6600 | D:8      | Reached skill level 14 in Axes
  6610 | D:8      | Reached ** piety under Okawaru
  6831 | D:8      | Noticed Joseph
  6855 | D:8      | Killed Joseph
  6855 | D:8      | Reached XP level 10. HP: 31/90 MP: 8/9
  7259 | D:8      | Killed an unseen horror
  7259 | D:8      | Reached *** piety under Okawaru
  7260 | D:8      | Reached skill level 15 in Axes
  7271 | D:8      | Noticed a centaur warrior
  7291 | D:8      | Killed a centaur warrior
  7291 | D:8      | Reached **** piety under Okawaru
  7928 | D:9      | Reached skill level 10 in Fighting
  8208 | D:9      | Reached skill level 16 in Axes
  8276 | D:9      | Found an opulent altar of Gozag.
  8436 | D:9      | Found a staircase to the Lair.
  8441 | Lair:1   | Entered Level 1 of the Lair of Beasts
  8458 | Lair:1   | Noticed a spiny frog
  8651 | D:10     | Entered Level 10 of the Dungeon
  8657 | D:10     | Reached ***** piety under Okawaru
  8719 | D:10     | Noticed Harold
  8731 | D:10     | Killed Harold
  8731 | D:10     | Reached XP level 11. HP: 87/101 MP: 10/10
  8745 | D:10     | Noticed a two-headed ogre
  8755 | D:10     | Killed a two-headed ogre
  8755 | D:10     | Received a gift from Okawaru
  8756 | D:10     | Got a pair of heavily runed boots {god gift}
  8762 | D:10     | Identified the +0 pair of boots of Dishonour {rPois rN+}
                  | (Okawaru gifted it to you on level 10 of the Dungeon)
  8841 | D:10     | Noticed a two-headed ogre
  8860 | D:10     | Killed a two-headed ogre
  8860 | D:10     | Reached skill level 17 in Axes
  8860 | D:10     | Reached skill level 1 in Invocations
  9387 | D:10     | Noticed a two-headed ogre
  9398 | D:10     | Killed a two-headed ogre
  9955 | D:11     | Noticed a red ugly thing
  9956 | D:11     | Noticed a purple ugly thing
  9987 | D:11     | Killed a red ugly thing
  9987 | D:11     | Reached skill level 18 in Axes
 10950 | Lair:2   | Reached skill level 5 in Invocations
 10952 | Lair:2   | Noticed a seven-headed hydra
 11072 | Lair:2   | Reached XP level 12. HP: 66/110 MP: 14/14
 11849 | Lair:3   | Noticed a five-headed hydra
 11919 | Lair:3   | Reached skill level 19 in Axes
 11928 | Lair:3   | Noticed a four-headed hydra
 11973 | Lair:2   | Found a hole to the Spider Nest.
 12330 | Lair:2   | Found a staircase to the Swamp.
 12635 | D:11     | Found a bloodstained altar of Trog.
 12722 | D:11     | Received a gift from Okawaru
 12983 | D:11     | Found Emish's Gadget Shoppe.
 12991 | D:11     | Identified the Incunabulum of the Flamy Compass
 13151 | D:11     | Noticed a death knight
 13544 | D:11     | Gained mutation: Armour fits poorly on your strangely
                  | shaped body. [a neqoxec]
 13547 | D:11     | Lost mutation: Armour fits poorly on your strangely shaped
                  | body. [potion of mutation]
 13547 | D:11     | Gained mutation: You have sharp toenails. [potion of
                  | mutation]
 13547 | D:11     | Gained mutation: Your flesh is heat resistant. (rF+)
                  | [potion of mutation]
 13790 | D:11     | Killed a death knight
 13790 | D:11     | Reached skill level 20 in Axes
 13903 | D:11     | Noticed a two-headed ogre
 13910 | D:11     | Killed a two-headed ogre
 14372 | D:11     | Noticed a two-headed ogre
 14384 | D:11     | Reached XP level 13. HP: 42/116 MP: 12/18
 14386 | D:11     | Reached ****** piety under Okawaru
 14800 | D:11     | Received a gift from Okawaru
 14816 | D:11     | Identified the Grimoire of Earth and Stolen Souls
 14976 | D:11     | Paralysed by an ogre mage for 5 turns
 15141 | D:12     | Noticed Frances
 15165 | D:12     | Killed Frances
 15171 | D:12     | HP: 4/116 [two-headed ogre/+0 giant club (16)]
 15439 | D:12     | Reached skill level 21 in Axes
 15496 | D:12     | Reached skill level 5 in Armour
 15582 | D:12     | Found a staircase to the Orcish Mines.
 15894 | D:13     | Received a gift from Okawaru
 15895 | D:13     | Got opal-encrusted shadow dragon scales {god gift}
 15896 | D:13     | Identified the +10 shadow dragon scales "Mamen" {Dex+7
                  | Stlth++++} (Okawaru gifted it to you on level 13 of the
                  | Dungeon)
 15984 | D:13     | Reached skill level 1 in Stealth
 16378 | D:13     | Reached XP level 14. HP: 122/124 MP: 19/19
 16453 | D:13     | Got a clouded emerald amulet
 16455 | D:13     | Identified the amulet "Jiclaut" {rF- MR++ Regen+ Str+3}
                  | (You found it on level 13 of the Dungeon)
 16461 | D:13     | Found a gate to the Vaults.
 16922 | D:14     | Received a gift from Okawaru
 17279 | D:14     | Reached skill level 5 in Stealth
 17451 | D:15     | Entered Level 15 of the Dungeon
 17576 | D:15     | Found a staircase to the Depths.
 17585 | D:15     | Reached skill level 22 in Axes
 17865 | D:15     | Found a transporter.
 17872 | D:15     | Noticed a storm dragon
 17872 | D:15     | Noticed Foonlieted's ghost (amateur MiGl)
 17897 | D:15     | Found a transporter.
 17975 | D:15     | Reached skill level 10 in Armour
 18231 | D:15     | Reached skill level 1 in Evocations
 18560 | Orc:1    | Entered Level 1 of the Orcish Mines
 18612 | Orc:1    | Found a frozen archway.
 18619 | IceCv    | Entered an ice cave
 18901 | IceCv    | Received a gift from Okawaru
 18906 | IceCv    | Got a dazzling scale mail {god gift}
 18907 | IceCv    | Identified the +0 scale mail of Luzxug {rF+} (Okawaru
                  | gifted it to you in an ice cave)
 18942 | IceCv    | Reached XP level 15. HP: 129/129 MP: 20/20
 18973 | IceCv    | Noticed a frost giant
 18985 | IceCv    | Killed a frost giant
 19008 | IceCv    | Got a faintly glowing golden ring
 19045 | IceCv    | Identified the ring of Hedonism {rC+ Int+2 Dex+7 Slay-5}
                  | (You found it in an ice cave)
 19110 | Orc:1    | Found Laep's Jewellery Shop.
 19420 | Orc:1    | Noticed Erolcha
 19432 | Orc:1    | Killed Erolcha
 19582 | Orc:1    | Bought a cursed amulet of inaccuracy for 24 gold pieces
 19583 | Orc:1    | Bought a cursed ring of attention for 54 gold pieces
 19653 | Orc:2    | Entered Level 2 of the Orcish Mines
 19653 | Orc:2    | Found a staircase to the Elven Halls.
 19762 | Orc:2    | Found Junumou's General Store.
 19764 | Orc:2    | Found Heufistro's Distillery.
 19821 | Orc:2    | Bought 2 scrolls of acquirement for 1248 gold pieces
 19825 | Orc:2    | Bought 2 scrolls of acquirement for 1248 gold pieces
 19868 | Orc:2    | Received a gift from Okawaru
 19868 | Orc:2    | Reached skill level 5 in Evocations
 20325 | Orc:2    | Found Zurchoroa's Antique Weapon Shop.
 20325 | Orc:2    | Found a one-way gate leading to the halls of Pandemonium.
 20325 | Orc:2    | Found Fakk's Book Boutique.
 20610 | Orc:2    | Reached skill level 23 in Axes
 20746 | Orc:2    | Found an iron altar of Okawaru.
 21559 | Lair:3   | Noticed Urug
 21569 | Lair:3   | Killed Urug
 21716 | Lair:3   | Received a gift from Okawaru
 22328 | Lair:4   | Reached XP level 16. HP: 137/137 MP: 21/21
 22474 | Lair:4   | You fall into a shaft and drop 2 floors!
 22474 | Lair:6   | Entered Level 6 of the Lair of Beasts
 22811 | Lair:5   | You fall into a shaft and drop 1 floor!
 22847 | Lair:5   | Noticed Rupert
 22856 | Lair:5   | Killed Rupert
 23745 | Lair:6   | Reached skill level 10 in Stealth
 24108 | Lair:6   | Paralysed by a hornet for 2 turns
 24129 | Lair:6   | Received a gift from Okawaru
 24508 | Lair:6   | Found a viscous altar of Jiyva.
 24514 | Lair:6   | Found a staircase to the Slime Pits.
 25218 | Swamp:1  | Entered Level 1 of the Swamp
 26244 | Swamp:2  | Received a gift from Okawaru
 26387 | Swamp:2  | Noticed a thorn hunter
 26507 | Swamp:2  | Killed a thorn hunter
 27428 | Swamp:3  | Reached XP level 17. HP: 100/150 MP: 21/22
 27446 | Swamp:3  | Reached skill level 24 in Axes
 27795 | Swamp:3  | Found a runed translucent gate.
 27795 | Swamp:3  | Found a runed translucent gate.
 27796 | Swamp:3  | Found a runed translucent gate.
 27823 | Swamp:3  | Noticed Watwic's ghost (journeyman TrMo)
 27823 | Swamp:3  | Noticed tmwh's ghost (adept GnSk)
 27823 | Swamp:3  | Noticed Joalyutz's ghost (adept MiFi)
 27863 | Swamp:3  | Killed Joalyutz's ghost
 27866 | Swamp:3  | Killed tmwh's ghost
 27872 | Swamp:3  | Demolished by Watwic's ghost

Levels and vault maps discovered:
D:1:      wander_arrival_chamber, layout_basic
D:2:      layout_loops_cross, eat_drink_and_be_merry_uskayaw,
          minmay_three_crescents
D:3:      layout_loops_cross, dk_noncrumbling_4, uniq_jessica
D:4:      layout_cave_pods, first_ration, chei_slow_surprise, uniq_sigmund,
          uniq_duvessa
D:5:      layout_basic, cheibrodos_ashenzari_chains, serial_shops,
          nicolae_shop_behind_doors, lemuel_flamethrower_2, uniq_edmund
D:6:      layout_basic
D:7:      layout_cave_pools, minmay_temple_entry_hall, basic_altar,
          serial_shops, nicolae_shop_waterfront, the_bakery
D:8:      layout_loops_ring, hangedman_abyss_or_decor_clamps,
          kennysheep_nondescript, minmay_radiant, uniq_joseph
D:9:      layout_loops_ring, erik_lair_dragon, grunt_gozag_breadcrumbs
D:10:     layout_irregular_city, uniq_harold
D:11:     minmay_the_grid_square_5x5_5x5_mashed
          [minmay_the_grid_square_5x5_two_small,
          minmay_the_grid_square_5x5_slash, minmay_the_grid_square_5x5_eight,
          minmay_the_grid_square_5x5_tri_point,
          minmay_the_grid_square_5x5_bridge, minmay_the_grid_square_5x5_shrine1,
          minmay_the_grid_square_5x5_prize_itemx,
          minmay_the_grid_square_5x5_three_small,
          minmay_the_grid_square_5x5_prize_deathbox,
          minmay_the_grid_square_5x5_empty, minmay_the_grid_square_5x5_six,
          minmay_the_grid_square_5x5_minibox,
          minmay_the_grid_square_5x5_prize_gold,
          minmay_the_grid_square_5x5_corner, minmay_the_grid_square_5x5_bite,
          minmay_the_grid_square_5x5_dogpile,
          minmay_the_grid_square_5x5_prize_pseudospiral,
          minmay_the_grid_square_5x5_percent,
          minmay_the_grid_square_5x5_prize_open,
          minmay_the_grid_square_5x5_forky, minmay_the_grid_square_5x5_n,
          minmay_the_grid_square_5x5_gyroscope,
          minmay_the_grid_square_5x5_beaten_path,
          minmay_the_grid_square_5x5_comb, minmay_the_grid_square_5x5_shuriken],
          layout_long_grid, basic_altar, serial_shops, nicolae_shop_crystal
D:12:     layout_roguey, orc_0_dummy, uniq_frances
D:13:     layout_loops_ring, grunt_vaults_entry_fortified, kb_rosetta
D:14:     layout_basic, kennysheep_pointless_box
D:15:     gammafunk_enter_depths_forms, layout_gridville,
          gammafunk_ghost_berserking_beasts, minmay_misc_feat_tower
Temple:   regret_index_temple_chain_breaker
Lair:1:   layout_chaotic_city, st_stairs_3, wad_woods_03
Lair:2:   layout_misc_corridors, nicolae_swamp_entry_splash_gauntlet,
          nicolae_spider_entry_non_spiders
Lair:3:   layout_long_grid, serial_bayou_shore_b, uniq_urug
Lair:4:   layout_regular_city, kennysheep_rathole
Lair:5:   layout_cave_pods, uniq_rupert
Lair:6:   minmay_lair_end_enchanted_forest, layout_loops_ring, slime_altar_1,
          chequers_serial_rivers_room_b, minmay_lair_oklob_chamber
Swamp:1:  layout_falls_marsh, evilmike_swamp_ruin_house_4, swamp_pool2
Swamp:2:  layout_basic_swamp, evilmike_swamp_ruin_house_2, swamp_pool1
Swamp:3:  layout_basic_swamp, gammafunk_ghost_cemetery,
          evilmike_swamp_ruin_house_5, hangedman_swamp_diagram
Orc:1:    lemuel_ogre_cave, layout_diamond_mine, serial_shops,
          nicolae_shop_waterfront, portal_ice_cave_entry_pillars_1,
          sword_in_stone
Orc:2:    pf_orc_diabolical, layout_diamond_mine, okawaru_metal_pillars_1_2

Skill      XL: |  1  2  3  4  5  6  7  8  9 10 11 12 13 14 15 16 17 |
---------------+----------------------------------------------------+-----
Axes           | 3 4 5 6 8 9 11 12 14 16 18 20 21 22 23 24 | 24.1
Fighting       | 4 6 8 10 11 13 | 13.9
Invocations    | 5 8 9 |  9.3
Armour         | 7 10 | 10.0
Stealth        | 3 7 9 11 | 11.3
Evocations     | 2 6 8 |  8.0
Shields        | |  3.6

Action                   |  1- 3 |  4- 6 |  7- 9 | 10-12 | 13-15 | 16-18 || total
-------------------------+-------+-------+-------+-------+-------+-------++-------
Melee: War axe           |   117 |    83 |   381 |   696 |       |       ||  1277
       Headbutt          |    17 |    13 |    78 |   175 |   366 |   196 ||   845
       Battleaxe         |       |       |       |    55 |  1179 |   653 ||  1887
       Scimitar          |       |       |       |       |    29 |    18 ||    47
Evoke: Wand              |       |       |       |    17 |     2 |       ||    19
  Use: Potion            |       |     1 |     3 |     4 |     2 |     3 ||    13
       Scroll            |       |       |    11 |     7 |    13 |     5 ||    36
 Stab: Paralysed         |       |       |       |     9 |     3 |       ||    12
       Confused          |       |       |       |     5 |       |     2 ||     7
       Invisible         |       |       |       |     1 |       |       ||     1
       Sleeping          |       |       |       |       |    27 |    24 ||    51
       Distracted        |       |       |       |       |     4 |     5 ||     9
  Eat: Chunk             |     1 |     4 |    14 |    23 |    22 |    12 ||    76
       Ration            |       |       |       |     2 |     1 |     2 ||     5
Armor: Scale mail        |    56 |    28 |   142 |   246 |    75 |       ||   547
       Shadow dragon sca |       |       |       |       |   762 |   530 ||  1292
Dodge: Dodged            |    30 |    29 |    81 |   165 |   424 |   219 ||   948
Block: Shield            |    58 |    35 |   162 |   246 |       |       ||   501
       Rpst.: Scimitar   |       |       |       |       |     4 |     2 ||     6

Table legend:
 A = Non-vault XP
 B = Vault XP
 C = Vault XP percentage of total XP
 D = Non-vault monster count
 E = Vault monster count
 F = Vault count percentage of total count
                 A         B        C        D         E       F
            +---------+---------+-------+---------+---------+-------
      Total |  137193 |   95114 |  40.9 |     697 |     317 |  31.3
            +---------+---------+-------+---------+---------+-------
        D:1 |      26 |       0 |   0.0 |      17 |       0 |   0.0
        D:2 |      44 |      21 |  32.3 |      20 |       6 |  23.1
        D:3 |     132 |      37 |  21.9 |      21 |       1 |   4.5
        D:4 |     490 |     469 |  48.9 |      26 |       4 |  13.3
        D:5 |     269 |     178 |  39.8 |       9 |       1 |  10.0
        D:6 |     735 |       0 |   0.0 |      28 |       0 |   0.0
        D:7 |     307 |     220 |  41.7 |       9 |       1 |  10.0
        D:8 |    2295 |    2176 |  48.7 |      43 |       5 |  10.4
        D:9 |    1324 |     830 |  38.5 |      23 |       6 |  20.7
       D:10 |    7362 |    1194 |  14.0 |      49 |       2 |   3.9
       D:11 |    5632 |   11572 |  67.3 |      37 |      44 |  54.3
       D:12 |    4553 |    2189 |  32.5 |      26 |       1 |   3.7
       D:13 |   10559 |    7460 |  41.4 |      51 |      14 |  21.5
       D:14 |    8598 |       0 |   0.0 |      19 |       0 |   0.0
       D:15 |   10792 |    4642 |  30.1 |      32 |      11 |  25.6
     Lair:1 |    2513 |     310 |  11.0 |      15 |       2 |  11.8
     Lair:2 |    5998 |     572 |   8.7 |      19 |      10 |  34.5
     Lair:3 |   11384 |     819 |   6.7 |      39 |       1 |   2.5
     Lair:4 |    4176 |     191 |   4.4 |      17 |      12 |  41.4
     Lair:5 |    8544 |    2775 |  24.5 |      28 |       1 |   3.4
     Lair:6 |    6828 |   13394 |  66.2 |      26 |      51 |  66.2
    Swamp:1 |   12721 |       0 |   0.0 |      28 |       0 |   0.0
    Swamp:2 |   15461 |       0 |   0.0 |      41 |       0 |   0.0
    Swamp:3 |   13596 |    4679 |  25.6 |      35 |       2 |   5.4
      Orc:1 |     623 |    9314 |  93.7 |       8 |      27 |  77.1
      Orc:2 |    2231 |   18406 |  89.2 |      31 |      62 |  66.7
      IceCv |       0 |   13666 | 100.0 |       0 |      53 | 100.0
            +---------+---------+-------+---------+---------+-------
